Map: Mist Opportunities

Players

NamroodTuo

  • Race: Zerg Zerg

Feuerdrache

  • Race: Zerg Zerg

VOD

Have the link to the VOD?

Description

Time

  • Played on: April 23, 2023, 5:07 a.m.
  • Length: 30:20
Show
View Real Time Build Order
Export as new Build Order

NamroodTuo Zerg 

Build Orders:  

Get SALT Encoding   

  6  0:00  Unknown x2  
  12  0:24  Infested Barracks  
  12  0:41  Overlord  
  12  0:42  Infested SCV  
  12  0:47  Infested SCV  
  14  1:13  Infested SCV  
  15  1:21  Infested SCV  
  15  1:26  Infestation Level 1  
  15  1:29  Infested SCV  
  17  1:44  Infested SCV  
  17  1:47  Overlord  
  18  1:50  Infested SCV  
  18  1:59  Infested Refinery  
  19  2:04  Infested Refinery  
  19  2:07  Infested SCV  
  20  2:18  Overlord  
  20  2:46  Infested SCV  
  21  3:06  Infested Command Center  
  21  3:09  Infested SCV  
  22  3:11  Infested SCV  
  23  3:21  Infested Barracks Tech Lab  
  23  3:28  Anaerobic Enhancement  
  23  4:13  Infested SCV x2  
  23  4:14  Infested SCV x2  
  27  4:20  Infested Marine  
  27  4:21  Infested Marine x11  
  39  4:31  Overlord  
  39  4:39  Retinal Augmentation  
  39  5:35  Unknown, Infested SCV x2  
  41  5:49  Infested Bunker  
  45  5:59  Infested Bunker  
  49  6:00  Infested Command Center  
  49  6:08  Infested Engineering Bay  
  49  6:09  Infested SCV  
  50  6:10  Overlord  
  50  6:11  Infested SCV  
  39  6:41  Infested SCV x2  
  39  6:42  Infested SCV x3  
  44  7:13  Infested Bunker  
  44  7:16  Infested SCV  
  44  7:17  Infested SCV  
  50  7:28  Infested SCV x3  
  50  7:29  Infested SCV x2  
  59  8:00  Infested Bunker  
  59  8:15  Infested SCV x3  
  59  8:17  Overlord  
  66  8:30  Infested Bunker  
  66  9:06  Infested Marine  
  66  9:07  Infested Marine x11  
  78  9:47  Overlord x4  
  78  9:48  Overlord x5  
  78  9:49  Overlord  
  78  9:54  Regenerative Plating  
  78  9:58  Infestation Level 2  
  67  10:48  Infested Bunker  
  70  10:54  Stukov Infantry Weapons Level 1, Infested Bunker  
  74  11:37  Infested Missile Turret  
  74  11:41  Infested Factory  
  74  11:43  Infested SCV, Infested Missile Turret  
  74  11:45  Overlord x4  
  75  11:58  Broodling Gestation  
  79  12:13  Infested Missile Turret  
  79  12:16  Infested Bunker  
  79  12:18  Infested Bunker  
  87  12:50  Infested Marine  
  87  12:51  Infested Marine x9  
  87  12:52  Infested Marine x5  
  87  12:54  Infested Bunker  
  102  13:00  Infested Refinery  
  102  13:01  Overlord x3, Infested SCV  
  102  13:02  Infested SCV  
  104  13:13  Infested Armory  
  104  13:34  Stukov Infantry Armor Level 1  
  94  14:02  Infested Marine  
  94  14:03  Infested Marine x15  
  94  14:04  Infested Marine x3  
  104  14:51  Overseer x2  
  104  14:52  Overseer x3  
  104  14:53  Overseer  
  99  15:50  Infested Factory Tech Lab  
  99  15:52  Stukov Vehicle and Ship Armor Level 1  
  99  15:57  Plagued Munitions  
  97  16:00  Infestation Level 3  
  89  16:12  Infested Marine  
  89  16:13  Infested Marine x10  
  89  16:14  Stukov Infantry Weapons Level 2, Infested Marine x9  
  109  16:29  Infested Bunker  
  108  16:52  Infested Bunker x2  
  108  16:59  Infested Bunker  
  105  17:00  Infested Marine  
  105  17:01  Infested Marine x8  
  105  17:02  Infested Marine  
  115  17:10  Infested Marine  
  115  17:12  Infested Marine  
  117  17:46  Infested Marine  
  117  17:47  Infested Marine x6  
  121  18:14  Infested Marine  
  121  18:15  Infested Marine x4  
  120  18:23  Infested Barracks  
  124  18:58  Infested Bunker  
  119  19:01  Caustic Mucus  
  119  19:04  Infested Diamondback x3  
  119  19:05  Infested Diamondback x2  
  133  19:12  Stukov Vehicle and Ship Armor Level 2  
  133  19:24  Calcified Armor  
  126  19:48  Overseer x2  
  126  19:49  Overseer  
  125  19:52  Overlord x5  
  125  19:53  Aggressive Incubation  
  124  20:24  Stukov Infantry Armor Level 2  
  124  20:31  Saturated Cultures  
  121  20:45  Infested Diamondback x2  
  121  20:46  Infested Diamondback x3  
  130  21:23  Infested Diamondback  
  130  21:25  Infested Diamondback  
  130  21:45  Infested Diamondback  
  133  22:19  Infested Marine  
  134  22:20  Infested Marine x11  
  134  22:21  Infested Marine x21  
  134  22:22  Stukov Vehicle and Ship Weapons Level 1, Infested Marine x7  
  173  23:34  Stukov Infantry Weapons Level 3  
  171  23:49  Infested Diamondback x4  
  181  23:50  Infested Diamondback  
  181  23:58  Infested Marine  
  181  23:59  Infested Marine x9  
  194  24:00  Infested Marine x4  
  194  24:05  Overlord  
  194  24:06  Overlord x4  
  194  24:07  Overlord x2  
  162  24:55  Overseer x2  
  162  24:56  Overseer x2  
  160  25:02  Stukov Vehicle and Ship Armor Level 3  
  148  26:41  Infested Marine  
  148  26:42  Infested Marine x11  
  148  26:43  Infested Marine x13  
  173  27:00  Infested Diamondback  
  173  27:01  Infested Diamondback x4  
  149  27:36  Infested Diamondback  
  98  29:23  Infested Marine  
  98  29:24  Infested Marine x13  
  98  29:25  Infested Marine x22  
  98  29:26  Infested Marine x4  
Show
View Real Time Build Order
Export as new Build Order

Feuerdrache Zerg 

Build Orders:  

Get SALT Encoding   

  12  0:04  Drone  
  13  0:20  Overlord  
  13  0:40  Drone  
  14  1:09  Drone  
  15  1:10  Drone x5  
  20  1:20  Spawning Tool  
  20  1:23  Drone  
  20  1:29  Extractor  
  19  1:31  Drone  
  19  1:32  Extractor  
  19  1:56  Drone x2  
  19  1:57  Drone  
  22  2:09  Evolution Chamber  
  21  2:14  Evolution Chamber  
  20  2:24  Drone x2  
  20  2:26  Overlord  
  22  2:57  Zergling x6  
  25  3:17  Drone x2  
  25  3:18  Drone  
  28  3:30  Metabolic Boost  
  28  3:56  Zerg Missile Weapons Level 1  
  28  4:33  Drone x2  
  28  4:35  Overlord  
  28  4:36  Hatchery  
  29  4:41  Drone  
  27  5:28  Drone x4  
  27  5:29  Drone x2  
  33  5:43  Infestation Pit  
  33  5:44  Zerg Ground Armor Level 1  
  33  5:49  Hardened Ergonergy Shield  
  32  5:53  Overlord  
  32  5:54  Overlord  
  32  6:31  Drone x6  
  32  6:36  Zerg Melee Weapons Level 1  
  38  6:40  Extractor  
  38  6:42  Extractor  
  36  7:21  Overlord  
  36  7:22  Overlord x5  
  36  7:28  Drone x4  
  36  7:29  Drone x2  
  42  8:12  Hydralisk Den  
  41  8:39  Drone  
  53  8:40  Drone  
  42  8:42  Zerg Missile Weapons Level 2  
  42  8:47  Pneumatized Carapace  
  43  8:54  Drone x4  
  43  8:55  Drone  
  43  8:56  Overlord  
  48  9:54  Hydralisk x4  
  48  9:55  Hydralisk x2  
  48  9:58  Erudition Missile Launchers  
  60  10:13  Overlord x5  
  60  10:14  Overlord  
  60  10:20  Zerg Ground Armor Level 2  
  60  11:28  Muscular Augments  
  60  11:51  Hydralisk x4  
  60  11:52  Hydralisk x2  
  72  12:00  Hydralisk x6  
  72  12:09  Zerg Missile Weapons Level 3  
  84  12:17  Drone  
  85  12:26  Baneling Nest  
  50  13:54  Zergling x4  
  50  13:55  Zergling x8  
  50  13:59  Zerg Ground Armor Level 3  
  56  14:03  Hydralisk  
  56  14:04  Hydralisk x5  
  68  14:11  Ultralisk Cavern  
  65  14:59  Hydralisk x2  
  68  15:00  Hydralisk x4  
  68  15:04  Electrostatic Surprise  
  68  15:09  Hydralisk x4  
  92  15:10  Hydralisk x2  
  86  17:16  Ultralisk x5  
  86  17:17  Ultralisk  
  122  17:21  Hydralisk x6  
  134  17:31  Overseer  
  134  17:37  Overlord x2  
  132  17:40  Zerg Melee Weapons Level 2  
  113  20:22  Ultralisk  
  113  20:23  Ultralisk x5  
  149  20:32  Zergling x4  
  149  20:33  Zergling x8  
  155  20:40  Overseer x2  
  130  23:42  Hydralisk x4  
  130  23:43  Hydralisk x2  
  142  23:50  Hydralisk x5  
  142  23:51  Hydralisk  
  154  25:04  Zerg Melee Weapons Level 3  
  154  25:08  Ultralisk x3  
  172  25:13  Overlord x3  
Tags
 
Add a new tag
Caveats
  • Supply blocks, unpowered buildings, or Contaminate may cause inaccurate times.
  • Supply counts are checked every 10 seconds.